 Dungeon Sprint DCSS version 0.18.1-50-g88ac8fd (webtiles) character file.

0 jerryfan the Skirmisher (level 2, -3/28 HPs)
             Began as a Draconian Berserker on Oct 21, 2016.
             Was a Follower of Trog.
             Killed from afar by Sigmund (5 damage)
             ... with a magic dart
             ... in the Dungeon (Sprint VI: "Thunderdome").
             The game lasted 00:01:46 (46 turns).

jerryfan the Skirmisher (Draconian Berserker)         Turns: 46, Time: 00:01:47

Health: -3/28      AC:  4    Str: 19    XL:     2   Next: 68%
Magic:  2/2        EV: 13    Int:  7    God:    Trog [*.....]
Gold:   200        SH:  0    Dex: 10    Spells: 0 memorised, 1 level left

rFire  . . .     SeeInvis .     a - +0 spear
rCold  . . .     Gourm    .     (armour unavailable)
rNeg   . . .     Faith    .     (no shield)
rPois  .         Spirit   .     (helmet restricted)
rElec  .         Dismiss  .     (no cloak)
rCorr  .         Reflect  .     (no gloves)
SustAt .         Harm     .     (no boots)
MR     .....     NoTele   +     (no amulet)
Stlth  +.........               (no ring)
                                (no ring)

@: exhausted, slowed, very slow, not resistant to hostile enchantments, very
unstealthy
A: unfitting armour, cold-blooded, AC +4
a: Berserk, Burn Spellbooks, Renounce Religion


You were in the Dungeon.
You worshipped Trog.
Trog was aware of your devotion.
You were not hungry.

You visited 1 branch You collected 200 gold pieces.

Inventory:

Hand Weapons
 a - a +0 spear (weapon)
Wands
 i - a wand of acid (5/15)
 j - a wand of iceblast (5/15)
Scrolls
 h - 4 scrolls of blinking
 k - 3 scrolls of fog
Potions
 d - 3 potions of heal wounds
 e - 4 potions of haste
 f - 2 potions of magic
 g - a potion of berserk rage
 l - a potion of resistance
Comestibles
 b - a bread ration


   Skills:
 + Level 4.8 Fighting
 + Level 4.2 Polearms
 + Level 3.9 Dodging


You had one spell level left.
You didn't know any spells.

Dungeon Overview and Level Annotations

Branches:
Dungeon (1/1)

Altars:
Cheibriados
Dithmenos
Fedhas
Gozag
Kikubaaqudgha
Makhleb
Okawaru
Pakellas
Ru
Sif Muna
Trog
Vehumet
Xom
Zin
The Shining One
Jiyva

Shops:
D *[%???:(!!!!

Annotations:
D Sigmund


Innate Abilities, Weirdness & Mutations

Your plain brown scales are hard (AC +4).
Your body does not fit into most forms of armour.
You are cold-blooded and may be slowed by cold attacks.


Message History

Sigmund casts a spell.
Sigmund flickers and vanishes!
Deactivating autopickup; reactivate with Ctrl-A.
Something hits you but does no damage.
Found a viscous altar of Jiyva.
You feel less confused. Something hits you but does no damage.
A bat skeleton comes into view.
You hear some strange, mumbled words.
A magic dart appears from out of thin air!
The magic dart hits you!
The bat skeleton closely misses you. x3; Something hits you!
* * * LOW HITPOINT WARNING * * *
The bat skeleton misses you.
You hit the bat skeleton. The bat skeleton misses you.
The bat skeleton completely misses you. The bat skeleton barely misses you.
You hear some strange, mumbled words.
A magic dart appears from out of thin air!
The magic dart hits you!
You die...

#........_#
###.........###
#⌠...........⌠#
##.8.........8.######
_......###......_._∩##
.....8.# #.8........∩###
.......###.............##
....###...###..........⌠#
....# #.<.# #..Z@......⌠#
....###...# #..........⌠#
.......###.............##
.....8.# #.8........∩###
_......# #......___∩##
##.8.........8.######
#⌠...........⌠#
###.........###
#_......._


You could see a bat skeleton.

Vanquished Creatures
  A worker ant (D)
1 creature vanquished.

Notes
Turn   | Place    | Note
--------------------------------------------------------------
     0 | D        | jerryfan the Draconian Berserker began the quest for the Orb.
     0 | D        | Reached XP level 1. HP: 19/19 MP: 1/1
     1 | D        | Found a glowing golden altar of the Shining One.
     1 | D        | Found an iron altar of Okawaru.
     3 | D        | Found a deep blue altar of Sif Muna.
     4 | D        | Found Tomecs's Identification Station.
     4 | D        | Found a burning altar of Makhleb.
     4 | D        | Found a snail-covered altar of Cheibriados.
     4 | D        | Found Erosapto's Bee Food.
     5 | D        | Found Neunad's Advanced Armour.
     5 | D        | Found Uvustriar's Jewellery.
     5 | D        | Round 1.
     7 | D        | Noticed a worker ant
     8 | D        | Noticed Sigmund
     9 | D        | Found a radiant altar of Vehumet.
    13 | D        | Found an ancient bone altar of Kikubaaqudgha.
    15 | D        | Found a sacrificial altar of Ru.
    15 | D        | Found a glowing silver altar of Zin.
    15 | D        | Found a blossoming altar of Fedhas.
    15 | D        | Found Midetofu's Magic Scroll Shop.
    15 | D        | Found Vulle Jomn's Staff Store.
    16 | D        | Found Resiakk's Magic Scroll Shop.
    16 | D        | Found Ucyanaez's Must-Have Magic.
    24 | D        | Killed a worker ant
    24 | D        | Reached XP level 2. HP: 3/28 MP: 2/2
    24 | D        | HP: 2/42 [poisoned by a worker ant]
    26 | D        | Found a bloodstained altar of Trog.
    32 | D        | Found an opulent altar of Gozag.
    35 | D        | Found Focap's Distillery.
    35 | D        | Found Tewup's Distillery.
    36 | D        | Found Wororaev's Bottled Wisdom.
    37 | D        | Found an oddly glowing altar of Pakellas.
    37 | D        | Found a shadowy altar of Dithmenos.
    37 | D        | Found a shimmering altar of Xom.
    37 | D        | Found Ciulic's Do-It-Yourself Clinic.
    42 | D        | Found a viscous altar of Jiyva.
    46 | D        | Killed from afar by Sigmund

Skill      XL: |  1 |
---------------+----+-----
Fighting       | 4 |  4.8
Polearms       | 4 |  4.2
Dodging        | 3 |  3.9

Action                   || total
-------------------------++-------
Melee: Spear             ||    13
       Tailslap          ||     1
Invok: Berserk           ||     1
  Use: Potion            ||     2
Armor: Skin              ||     2
Dodge: Dodged            ||    18
